 Dungeon Crawl Stone Soup version 0.28-a0-724-g66f9036eb4 (webtiles) character file.

Game seed: 1556611753468419810

205 insectpublic the Covered (level 5, -5/46 HPs)
             Began as a Hill Orc Fighter on Oct 27, 2021.
             Was an Initiate of Sif Muna.
             Slain by an iguana (7 damage)
             ... on level 5 of the Dungeon.
             The game lasted 00:07:58 (2031 turns).

insectpublic the Covered (Hill Orc Fighter)         Turns: 2031, Time: 00:07:59

Health: -5/46      AC: 10    Str: 20    XL:     5   Next: 83%
Magic:  5/5        EV: 10    Int:  8    God:    Sif Muna [......]
Gold:   98         SH:  4    Dex: 10    Spells: 4/4 levels left

rFire   . . .      SeeInvis .   i - +0 short sword (protect)
rCold   . . .      Faith    .   c - +0 buckler
rNeg    . . .      Spirit   .   j - +4 ring mail {Will+}
rPois   .          Reflect  .   (no helmet)
rElec   .          Harm     .   (no cloak)
rCorr   .          Rampage  .   (no gloves)
Will    +....                   (no boots)
Stlth   ..........              (no amulet)
HPRegen 0.15/turn               (no ring)
MPRegen 0.09/turn               (no ring)

@: very slow
A: no striking features
a: Renounce Religion


You were on level 5 of the Dungeon.
You worshipped Sif Muna.
Sif Muna was noncommittal.
You visited 1 branch of the dungeon, and saw 5 of its levels.

You collected 98 gold pieces.

Inventory:

Hand Weapons
 a - a +0 war axe
 i - a +0 short sword of protection (weapon)
Armour
 b - a +0 scale mail
 c - a +0 buckler (worn)
 j - a +4 ring mail of willpower (worn)
 n - a +0 barding
Wands
 f - a wand of acid (7)
Scrolls
 e - a scroll of brand weapon {unknown}
 h - 2 scrolls of enchant weapon {unknown}
 m - a scroll of teleportation {unknown}
Potions
 d - 2 potions of might
 g - a potion of heal wounds {unknown}
 k - a potion of brilliance {unknown}
 l - a potion of degeneration {unknown}


   Skills:
 + Level 4.1 Fighting
 + Level 1.7 Short Blades
 + Level 4.3 Axes
 + Level 4.5 Armour
 + Level 1.1 Dodging
 + Level 4.0 Shields


You had 4 spell levels left.
You didn't know any spells.
Your spell library was empty.

Dungeon Overview and Level Annotations

Branches:
Dungeon (5/15)
 Temple: D:4-7

Altars:
Sif Muna


Message History

The bullfrog skeleton hits you but does no damage.
The iguana bites you but does no damage.
The bullfrog skeleton hits you but does no damage.
You hit the bullfrog skeleton.
The bullfrog skeleton is severely damaged.
The iguana bites you.
* * * LOW HITPOINT WARNING * * *
The bullfrog skeleton barely misses you.
You puncture the bullfrog skeleton!
The bullfrog skeleton is almost destroyed.
The bullfrog skeleton barely misses you.
The iguana bites you but does no damage.
You hit the bullfrog skeleton.
You destroy the bullfrog skeleton!
Sif Muna accepts your kill. The iguana closely misses you.
Your Shields skill increases to level 4!
The iguana bites you but does no damage.
The iguana bites you but does no damage.
Okay, then.
An iguana is nearby!
An iguana is nearby!
(D) Dungeon
Where to? (Enter - D:5 @ (x,y), ? - help)
Okay, then.
You don't have any such object.
Fire/throw which item? (Showing full inventory) (? for menu, Esc to quit)
Okay, then.
The iguana barely misses you.
You enter the shallow water.
Moving in this stuff is going to be slow.
The iguana bites you but does no damage.
The iguana misses you.
Your unstable footing causes you to fumble your attack.
The iguana bites you.
* * * LOW HITPOINT WARNING * * *
You closely miss the iguana. You block the iguana's attack.
Your unstable footing causes you to fumble your attack.
The iguana bites you!
You die...

###
#####<#
#.....#
#.###.#
####'#####
#≈≈≈.@≈≈#
#≈...l.≈#
#≈.....≈#
+...≈...+
#≈.(..)≈#
#≈.....≈#
#≈≈≈.≈≈≈#
####+####


You could see an iguana.

Vanquished Creatures
  A scorpion (D:3)
  A bullfrog skeleton (D:5)
  Natasha (twice) (D:3)
  Terence (D:3)
  2 adders
  A worm (D:2)
  A dart slug (D:3)
  4 bats
  3 endoplasms (D:2)
  A goblin (D:3)
  3 hobgoblins
  4 kobolds
  A quokka (D:4)
  3 ball pythons
  2 frilled lizards
  A rat (D:2)
31 creatures vanquished.

Notes
Turn   | Place    | Note
-------+----------+-------------------------------------------
     0 | D:1      | insectpublic the Hill Orc Fighter began the quest for the
                  | Orb.
     0 | D:1      | Reached XP level 1. HP: 19/19 MP: 1/1
   166 | D:3      | Reached XP level 2. HP: 20/27 MP: 2/2
   871 | D:3      | Noticed Terence
   880 | D:3      | Killed Terence
   881 | D:3      | Reached XP level 3. HP: 28/33 MP: 3/3
  1396 | D:3      | Noticed a scorpion
  1408 | D:3      | Killed a scorpion
  1409 | D:3      | Reached XP level 4. HP: 35/40 MP: 4/4
  1638 | D:2      | Reached XP level 5. HP: 42/46 MP: 5/5
  1694 | D:2      | Found a shimmering blue altar of Sif Muna.
  1705 | D:2      | Became a worshipper of Sif Muna the Loreminder
  1862 | D:3      | Noticed Natasha
  1898 | D:3      | Killed Natasha
  1899 | D:3      | Reached skill level 1 in Short Blades
  1904 | D:3      | Noticed Natasha
  1917 | D:3      | Killed Natasha
  1992 | D:4      | Reached skill level 1 in Dodging
  2003 | D:5      | Entered Level 5 of the Dungeon
  2022 | D:5      | HP: 1/46 [iguana (5)]
  2029 | D:5      | HP: 2/46 [iguana (1)]
  2031 | D:5      | Slain by an iguana

Illustrated notes

Levels and vault maps discovered:
D:1:      wander_arrival_chamber, layout_basic
D:2:      layout_loops_ring, hellmonk_ecumenical_altar_crossroads, basic_altar,
          uniq_jessica
D:3:      layout_loops_ring, goddamned_bats, uniq_terence, uniq_natasha
D:4:      layout_rooms, uniq_blork_the_orc
D:5:      layout_basic, minmay_temple_entry_mist, kennysheep_generic_room_9,
          uniq_crazy_yiuf_cottage, uniq_duvessa

Skill      XL: |  1  2  3  4  5 |
---------------+----------------+-----
Axes           | 3 4 |  4.3
Fighting       | 4 |  4.1
Armour         | 4 |  4.5
Short Blades   | 1 |  1.7
Dodging        | 1 |  1.1
Shields        | 4 |  4.0

Action                   |  1- 3 |  4- 6 || total
-------------------------+-------+-------++-------
Melee: War axe           |    52 |       ||    52
       Short sword       |    18 |   106 ||   124
Armor: Scale mail        |    31 |       ||    31
       Ring mail         |     8 |    71 ||    79
Dodge: Dodged            |    32 |    78 ||   110
Block: Buckler           |    19 |    36 ||    55

Table legend: (Time is in decaauts)
 A = Elapsed time spent in this place.
 B = Non-inter-level travel time spent in this place.
 C = Inter-level travel time spent in this place.
 D = Time resting spent in this place.
 E = Time spent auto-exploring this place.
 F = Levels seen in this place.
 G = Mean time per level.
                   A        B        C        D        E       F      G
               +--------+--------+--------+--------+--------+-----+--------+
         Total |   2061 |   1091 |    970 |      0 |    543 |   5 |  412.2 |
       Dungeon |   2061 |   1091 |    970 |      0 |    543 |   5 |  412.2 |
               +--------+--------+--------+--------+--------+-----+--------+

Top non-repeatable levels by time:
     D:3: 945 daAuts
     D:1: 594 daAuts
     D:2: 449 daAuts
     D:4: 44 daAuts
     D:5: 28 daAuts
